Map: 얼어붙은 사원

Players

llllllllllll (Scarlett)

  • Race: Zerg Zerg
  • League: Grandmaster

llllllllllll - Winner!

  • Race: Zerg Zerg
  • League: Grandmaster

VOD

Have the link to the VOD?

Description

Time

  • Played on: April 13, 2016, 4:03 a.m.
  • Length: 10:05
Show
View Real Time Build Order
Export as new Build Order

llllllllllll Zerg 

Build Orders: Hatch First 

Get SALT Encoding   

  12  0:00  Drone  
  13  0:07  Drone  
  14  0:18  Overlord  
  14  0:22  Extractor  
  14  0:23  Drone  
  15  0:37  Drone x2  
  17  0:54  Hatchery  
  17  0:56  Drone  
  17  0:59  Drone  
  18  1:11  Spawning Pool  
  18  1:18  Extractor  
  16  1:20  Drone  
  16  1:21  Drone  
  18  1:27  Drone  
  19  1:40  Overlord  
  19  1:59  Queen  
  19  2:00  Zergling x4  
  23  2:06  Queen  
  23  2:07  Drone  
  26  2:16  Drone  
  27  2:26  Spine Crawler  
  26  2:31  Baneling Nest  
  26  2:34  Queen, Zergling x4  
  26  2:35  Zergling x2  
  30  2:51  Spine Crawler  
  27  2:59  Metabolic Boost  
  27  3:03  Evolution Chamber  
  27  3:04  Zergling x6  
  19  3:19  Baneling x2  
  19  3:25  Drone  
  18  3:28  Drone  
  18  3:33  Baneling  
  19  3:40  Queen  
  21  3:46  Drone  
  21  4:00  Drone x3  
  23  4:17  Drone  
  23  4:18  Drone x2  
  26  4:31  Baneling  
  26  4:34  Drone  
  26  4:35  Queen  
  26  4:37  Baneling  
  27  5:00  Zergling x2  
  27  5:01  Zergling x2  
  27  5:16  Queen, Drone  
  27  5:17  Overlord  
  27  5:21  Baneling x2  
  29  5:30  Zergling x2  
  29  5:33  Overlord  
  30  5:39  Baneling x2  
  26  5:50  Zergling x4  
  26  5:51  Queen  
  30  6:00  Zergling x2  
  30  6:01  Zergling x4  
  32  6:14  Baneling  
  31  6:23  Zergling x2  
  31  6:24  Zergling x2  
  31  6:42  Hatchery  
  31  6:43  Baneling x2  
  31  6:46  Drone x3  
  33  6:58  Baneling x2  
  33  7:09  Zergling x4  
  34  7:21  Drone x3  
  35  7:33  Zergling x2  
  35  7:36  Baneling  
  36  7:41  Drone  
  37  7:45  Lair  
  37  7:50  Drone  
  37  8:01  Zergling x8  
  37  8:05  Extractor  
  40  8:06  Baneling  
  40  8:10  Drone x2  
  42  8:25  Drone  
  42  8:26  Drone x4  
  47  8:29  Extractor  
  47  8:30  Drone  
  45  8:48  Drone  
  45  8:49  Drone x4  
  45  8:52  Spire  
  45  8:54  Extractor, Drone x3  
  51  8:58  Overseer  
  51  8:59  Queen  
  51  9:00  Spine Crawler  
  45  9:14  Zergling x10  
  45  9:21  Spine Crawler  
  44  9:25  Zergling x2  
  43  9:31  Spine Crawler  
  43  9:36  Baneling x2  
  41  9:39  Zergling x4  
  43  9:48  Zergling x2  
Show
View Real Time Build Order
Export as new Build Order

llllllllllll Zerg - Winner!

Build Orders: Pool First, Zergling Baneling 

Get SALT Encoding   

  12  0:02  Drone  
  13  0:12  Extractor  
  12  0:24  Spawning Pool  
  11  0:29  Drone  
  11  0:33  Drone  
  13  0:37  Drone  
  14  0:49  Overlord  
  14  1:11  Zergling x4  
  14  1:12  Zergling x2  
  14  1:15  Metabolic Boost  
  17  1:26  Queen  
  19  1:36  Baneling Nest  
  18  1:40  Zergling x2  
  18  1:44  Zergling x2  
  20  1:49  Zergling x2  
  21  1:58  Overlord  
  21  2:06  Zergling x2  
  22  2:18  Zergling x2  
  22  2:20  Baneling x3  
  22  2:21  Baneling  
  23  2:28  Zergling x2  
  24  2:36  Zergling x2  
  24  2:37  Zergling x4  
  27  2:41  Zergling x2  
  28  2:58  Zergling x2  
  26  3:19  Zergling x6  
  27  3:20  Zergling x2  
  28  3:27  Baneling  
  28  3:30  Baneling x2  
  28  3:31  Baneling  
  28  3:32  Zergling x2  
  29  3:49  Drone  
  29  3:50  Overlord  
  28  4:05  Zergling x2  
  28  4:11  Zergling x4  
  28  4:15  Baneling x4  
  28  4:16  Baneling  
  30  4:21  Zergling x6  
  30  4:23  Zergling x2  
  33  4:37  Drone  
  30  4:47  Zergling x2  
  29  4:57  Zergling x4  
  29  4:58  Zergling x2  
  31  5:04  Zergling x2  
  27  5:20  Zergling x2  
  28  5:22  Zergling x2  
  28  5:27  Baneling x2  
  28  5:28  Baneling  
  29  5:29  Baneling  
  29  5:33  Hatchery  
  28  5:36  Drone x3  
  29  5:47  Zergling x2  
  28  5:57  Drone  
  28  5:58  Zergling x6  
  28  6:02  Baneling  
  28  6:03  Baneling x2  
  29  6:13  Zergling x2  
  29  6:17  Queen  
  32  6:27  Zergling x4  
  25  6:40  Zergling x6  
  25  6:41  Baneling  
  25  6:42  Baneling  
  28  6:47  Drone  
  28  6:48  Drone  
  30  6:56  Drone  
  30  6:57  Drone  
  30  6:58  Drone x2  
  34  7:02  Overlord  
  34  7:15  Overlord  
  32  7:20  Zergling x2  
  32  7:21  Zergling x2  
  30  7:23  Zergling x4  
  30  7:25  Zergling x2  
  30  7:27  Zergling x2  
  34  7:34  Zergling x4  
  36  7:37  Overlord  
  36  7:50  Baneling x2  
  36  7:59  Zergling x16  
  36  8:05  Overlord  
  44  8:12  Roach Warren  
  43  8:20  Overlord  
  43  8:21  Zergling x2  
  43  8:33  Overlord  
  43  8:38  Baneling x5  
  42  8:52  Roach  
  42  8:53  Roach x4  
  49  9:09  Roach  
  48  9:10  Roach x3, Zergling x2  
  48  9:12  Zergling x2  
  48  9:16  Zergling x2  
  53  9:17  Zergling x2  
  53  9:26  Zergling x6  
  53  9:28  Zergling x2  
  56  9:38  Baneling x3  
  55  9:39  Zergling x2  
  55  9:42  Zergling x2  
Tags
 
Add a new tag
Caveats
  • Supply blocks, unpowered buildings, or Contaminate may cause inaccurate times.
  • Supply counts are checked every 10 seconds.